 Dungeon Crawl Stone Soup version 0.22-a0-775-ga7d80019b5 (webtiles) character file.

4005 Fandomethor the Basher (level 10, -9/56 HPs)
             Began as a Gargoyle Fighter on July 18, 2018.
             Mangled by a two-headed ogre
             ... wielding a +0 giant club
              (20 damage)
             ... on level 7 of the Dungeon.
             The game lasted 00:13:23 (5550 turns).

Fandomethor the Basher (Gargoyle Fighter)           Turns: 5550, Time: 00:13:36

Health: -9/56      AC: 19    Str: 27    XL:     10   Next: 23%
Magic:  10/10      EV:  7    Int: 13    God:
Gold:   346        SH: 12    Dex: 15    Spells: 9/9 levels left

rFire    . . .     SeeInvis .   a - +0 flail
rCold    + . .     Gourm    .   c - +0 shield
rNeg     + . .     Faith    .   s - +0 chain mail
rPois    ∞         Spirit   .   (no helmet)
rElec    +         Reflect  .   n - scarf {repulsion}
rCorr    +         Harm     .   b - +2 pair of gloves of the Hippo {Regen+ Dex+4}
MR       .....                  (no boots)
Stlth    ..........             (no amulet)
HPRegen  0.58/turn              v - ring of protection from cold
MPRegen  0.12/turn              y - ring of resist corrosion

@: mighty, brilliant, repel missiles
A: negative energy resistance 1, electricity resistance, unbreathing,
petrification resistance, rot immunity, AC +7
a: no special abilities


You were on level 7 of the Dungeon.
You were not hungry.

You visited 2 branches of the dungeon, and saw 10 of its levels.

You collected 346 gold pieces.

Inventory:

Hand Weapons
 a - a +0 flail (weapon)
Armour
 b - the +2 pair of gloves of the Hippo (worn) {Regen+ Dex+4}
   (You found it on level 5 of the Dungeon)

   It affects your dexterity (+4).
   It increases your rate of regeneration.
 c - a +0 shield (worn)
 n - a scarf of repulsion (worn)
 s - a +0 chain mail (worn)
Jewellery
 u - an uncursed ring of ice
 v - a ring of protection from cold (left hand)
 y - a ring of resist corrosion (right hand)
Scrolls
 g - 2 scrolls of teleportation
 h - a scroll of immolation
 j - 2 scrolls of enchant armour
 l - a scroll of fog
 m - a scroll of identify
 p - 2 scrolls of enchant weapon
 q - 4 scrolls of amnesia
 t - 4 scrolls of remove curse
Potions
 e - a potion of brilliance
 i - a potion of haste {unknown}
 k - a potion of curing {unknown}
 o - 2 potions of flight {unknown}
 r - a potion of degeneration {unknown}
 w - a potion of magic {unknown}
 x - a potion of ambrosia {unknown}
 z - a potion of agility {unknown}
Comestibles
 f - 14 rations
 A - 6 chunks of flesh


   Skills:
 - Level 3.2 Fighting
 - Level 12.1 Maces & Flails
 - Level 3.2 Armour
 + Level 9.2 Shields


You had 9 spell levels left.
You didn't know any spells.
Your spell library contained the following spells:

 Spells                   Type           Power        Failure   Level  Hunger
 Confuse                  Hex            #.......     67%         3    ####...
 Confusing Touch          Hex            #.....       34%         1    ##.....
 Metabolic Englaciation   Hex/Ice        #.........   99%         5    ######.
 Petrify                  Tmut/Erth      #.......     95%         4    #####..
 Gell's Gravitas          Tloc           #.........   67%         3    ####...
 Yara's Violent Unravell  Hex/Tmut       #.........   99%         5    ######.


Dungeon Overview and Level Annotations

Branches:
Dungeon (9/15)             Temple (1/1) D:5            Lair (0/6) D:9
    Orc: D:9-12

Altars:
Ashenzari
Cheibriados
Dithmenos
Elyvilon
Fedhas
Hepliaklqana
Kikubaaqudgha
Makhleb
Qazlal
Ru
Sif Muna
Trog
Uskayaw
Vehumet
Wu Jian
Xom
Zin


Innate Abilities, Weirdness & Mutations

You are resistant to torment.
Your stone body is resilient. (AC +7)
You are immune to poison.
You resist negative energy. (rN+)
You are resistant to electric shocks. (rElec)
You can survive without breathing.
You are immune to petrification.
You are immune to rotting.


Message History

The two-headed ogre is lightly wounded.
The two-headed ogre barely misses you. You block the two-headed ogre's attack.
The orc wizard hits you but does no damage.
You barely miss the two-headed ogre.
The two-headed ogre is lightly wounded.
You bludgeon the two-headed ogre!!
The two-headed ogre is heavily wounded.
The orc wizard hits you but does no damage.
A leopard gecko comes into view.
The two-headed ogre hits you but does no damage.
The two-headed ogre hits you with a giant club!
* * * LOW HITPOINT WARNING * * *
The leopard gecko hisses angrily.
You sock the two-headed ogre!
The two-headed ogre is severely wounded.
The orc wizard casts a spell at you. The puff of frost hits you! You resist.
* * * LOW HITPOINT WARNING * * *
The two-headed ogre hits you with a giant club!!
You die...

#.# #####.# #.....#
### #.##### ...### #.
#.#...# ......
#...#.#.#.#####......
#.h...oho({o.........
#.#.###o#o..(:.......
#. #o#oo..()...... #
#@#o...........
#O#######...... #Z#
...... #.# ..... #.#
..... #.# .... #l#
.... ... ...


You could see a two-headed ogre, a howler monkey, an orc priest, an orc wizard,
2 orcs, a leopard gecko and a hound skeleton.

Vanquished Creatures
  Psyche (D:8)
  A hippogriff (D:7)
  A wyvern (D:9)
  Menkaure (D:5)
  2 orc warriors
  A sky beast (D:9)
  2 phantoms
  2 ice beasts (D:9)
  4 ogres
  4 centaurs
  2 necrophages (D:8)
  Blork the orc (D:5)
  4 bullfrogs
  A gnoll sergeant (D:5)
  A scorpion (D:5)
  A water moccasin skeleton (D:4)
  5 wights (D:6)
  5 howler monkeys
  4 crimson imps
  5 jellies
  A centaur skeleton (D:8)
  4 hounds
  An iguana (D:5)
  3 orc wizards
  4 worker ants
  11 gnolls
  7 adders
  A shadow imp (D:7)
  An adder skeleton (D:9)
  3 worms
  4 leopard geckos
  24 orcs
  7 giant cockroaches
  5 hobgoblins
  A jackal (D:8)
  5 quokkas
  A ball python skeleton (D:5)
  10 bats
  6 frilled lizards
  9 goblins
  A jackal zombie (D:5)
  6 kobolds
  2 leopard gecko zombies (D:5)
  A quokka zombie (D:6)
  8 rats
174 creatures vanquished.

Notes
Turn   | Place    | Note
-------+----------+-------------------------------------------
     0 | D:1      | Fandomethor the Gargoyle Fighter began the quest for the Orb.
     0 | D:1      | Reached XP level 1. HP: 14/14 MP: 1/1
   100 | D:1      | Reached XP level 2. HP: 19/19 MP: 2/2
   261 | D:1      | Reached skill level 3 in Maces & Flails
   565 | D:1      | Reached XP level 3. HP: 23/23 MP: 3/3
   765 | D:2      | Found a hide-covered altar of Uskayaw.
  1000 | D:2      | Reached skill level 4 in Maces & Flails
  1088 | D:2      | Found a shimmering altar of Xom.
  1375 | D:3      | Found a shattered altar of Ashenzari.
  1427 | D:3      | Reached XP level 4. HP: 26/28 MP: 4/4
  2265 | D:4      | Reached skill level 5 in Maces & Flails
  2301 | D:4      | Reached XP level 5. HP: 29/32 MP: 5/5
  2454 | D:4      | Reached skill level 6 in Maces & Flails
  2514 | D:4      | Reached XP level 6. HP: 32/37 MP: 6/6
  2613 | D:4      | Found a radiant altar of Vehumet.
  2769 | D:4      | Noticed a phantom
  2874 | D:4      | Killed a phantom
  3140 | D:5      | Entered Level 5 of the Dungeon
  3176 | D:5      | Reached skill level 7 in Maces & Flails
  3214 | D:5      | Reached XP level 7. HP: 41/41 MP: 7/7
  3412 | D:5      | Found a staircase to the Ecumenical Temple.
  3417 | D:5      | Noticed Blork the orc
  3431 | D:5      | Reached skill level 8 in Maces & Flails
  3539 | D:5      | Noticed Menkaure
  3546 | D:5      | Killed Menkaure
  3602 | D:5      | Killed Blork the orc
  3602 | D:5      | Reached skill level 9 in Maces & Flails
  3602 | D:5      | Reached XP level 8. HP: 31/46 MP: 8/8
  3636 | D:5      | Got a pair of faintly humming gloves
  3642 | D:5      | Identified the +2 pair of gloves of the Hippo {Regen+ Dex+4} (You found it on level 5 of the Dungeon)
  3674 | Temple   | Entered the Ecumenical Temple
  4182 | D:6      | Reached skill level 10 in Maces & Flails
  4282 | D:6      | Found a stormy altar of Qazlal.
  4340 | D:6      | Reached skill level 11 in Maces & Flails
  4349 | D:6      | Reached XP level 9. HP: 49/51 MP: 9/9
  4767 | D:7      | Found a shadowy altar of Dithmenos.
  4805 | D:7      | You fall through a shaft for 2 floors!
  4805 | D:9      | Found a deep blue altar of Sif Muna.
  4861 | D:9      | Reached skill level 12 in Maces & Flails
  4905 | D:9      | Found a white marble altar of Elyvilon.
  4946 | D:9      | Found a staircase to the Lair.
  5008 | D:9      | Reached skill level 5 in Shields
  5173 | D:8      | Noticed Psyche
  5271 | D:8      | Reached XP level 10. HP: 55/56 MP: 10/10
  5353 | D:8      | Killed Psyche
  5418 | D:8      | Found a snail-covered altar of Cheibriados.
  5536 | D:7      | Noticed a two-headed ogre
  5550 | D:7      | Mangled by a two-headed ogre

Vault maps used:
D:1:      nzn_arrival_crosshair
D:2:      cheibrodos_helix_gallery, marbit_many_paths, xom_teletrap_fun
D:3:      cheibrodos_ashenzari_chains
D:4:      lemuel_round_altar, first_ration
D:5:      lemuel_upstairs_altar, minmay_temple_entry_junction_2,
          uniq_blork_the_orc, uniq_menkaure
D:6:      nicolae_qazlal_general_emergency, minmay_misc_feat_five,
          eino_tiny_chamber
D:7:      nicolae_overflow_crystal_walls, kennysheep_mini, serial_shops, shop,
          grunt_ogre_cave, nicolae_underground_beach
D:8:      slow_altar_2, kennysheep_dice, uniq_psyche
D:9:      minmay_the_grid_triangle_9x9_recursive_2_mashed,
          grunt_temple_overflow_holy_war, grunt_temple_overflow_opulence,
          elyvilon_altar_1, nicolae_overflow_hidden_temple, lair_entry_dummy
Temple:   nicolae_temple_figure_zero

Skill      XL: |  1  2  3  4  5  6  7  8  9 10 |
---------------+-------------------------------+-----
Maces & Flails | 3 4 5 6 7 9 11 12 | 12.1
Shields        | 7 9 |  9.2
Fighting       | |  3.2
Armour         | |  3.2

Action                   |  1- 3 |  4- 6 |  7- 9 | 10-12 || total
-------------------------+-------+-------+-------+-------++-------
Melee: Flail             |   140 |   219 |   412 |    85 ||   856
  Use: Scroll            |       |     2 |     7 |       ||     9
       Potion            |       |       |       |     2 ||     2
  Eat: Chunk             |     1 |     7 |     7 |     1 ||    16
Armor: Scale mail        |   111 |    84 |       |       ||   195
       Chain mail        |       |     6 |   201 |    36 ||   243
Dodge: Dodged            |    86 |    55 |    64 |    11 ||   216
       Deflected         |       |     1 |     3 |     2 ||     6
Block: Shield            |   100 |    95 |   170 |    60 ||   425

Table legend:
 A = Spawn XP
 B = Non-spawn XP
 C = Spawn XP percentage of total XP
 D = Spawn monster count
 E = Non-spawn monster count
 F = Spawn count percentage of total count
 G = Total turns spent on level
                    A         B        C        D         E        F      G
               +---------+---------+-------+---------+---------+-------+---------
         Total |       0 |    5722 |   0.0 |       0 |     174 |   0.0 |  5550
               +---------+---------+-------+---------+---------+-------+---------
           D:1 |       0 |      34 |   0.0 |       0 |      22 |   0.0 |   590
           D:2 |       0 |      43 |   0.0 |       0 |      18 |   0.0 |   782
           D:3 |       0 |      70 |   0.0 |       0 |      18 |   0.0 |   813
           D:4 |       0 |     400 |   0.0 |       0 |      22 |   0.0 |   978
           D:5 |       0 |     899 |   0.0 |       0 |      28 |   0.0 |   896
           D:6 |       0 |    1083 |   0.0 |       0 |      20 |   0.0 |   511
           D:7 |       0 |     857 |   0.0 |       0 |      13 |   0.0 |   230
           D:8 |       0 |    1413 |   0.0 |       0 |      21 |   0.0 |   371
           D:9 |       0 |     923 |   0.0 |       0 |      12 |   0.0 |   261
               +---------+---------+-------+---------+---------+-------+---------
